 Dungeon Crawl Stone Soup version 0.15-a0-1646-g393eda0 (webtiles) character file.

27973 PolkaDot the Bewitcher (level 13, -7/79 HPs)
             Began as a Vampire Enchanter on June 21, 2014.
             Was the Champion of Makhleb.
             Mangled by a minotaur
             ... wielding an uncursed staff of wizardry
              (24 damage)
             ... in a labyrinth on June 22, 2014.
             The game lasted 01:27:58 (14396 turns).

PolkaDot the Bewitcher (Vampire Enchanter)         Turns: 14396, Time: 01:27:58

HP  -7/79        AC 14     Str  7      XL: 13   Next:  7%
MP  18/22        EV 10     Int 22      God: Makhleb [******]
Gold 916         SH  5     Dex 14      Spells:  6 memorised,  4 levels left

rFire  + . .     SeeInvis +     s - +6 dagger
rCold  + + .     Clarity  +     f - +2 troll leather armour {Purgy}
rNeg   + + +     rCorr    .     G - +0 buckler
rPois  +         rRot     +     U - +0 hat
rElec  .         Spirit   .     t - +2 cloak
SustAb .         Warding  .     L - +0 pair of gloves
rMut   .         Stasis   .     Q - +2 pair of boots
Gourm  .                        u - amulet of clarity
MR     +....                    T - ring of protection from fire
                                o - +1 ring of intelligence

@: bloodless, non-regenerating, somewhat resistant to hostile enchantments,
extraordinarily stealthy
A: bottle blood, fangs 3, see invisible, unbreathing
a: Bat Form, Bottle Blood, Minor Destruction, Lesser Servant of Makhleb, Major
Destruction, Greater Servant of Makhleb, Renounce Religion


You were in a labyrinth.
You worshipped Makhleb.
Makhleb was exalted by your worship.
You were bloodless.

You visited 3 branches of the dungeon, and saw 16 of its levels.
You also visited: Labyrinth.

You collected 944 gold pieces.
You spent 28 gold pieces at shops.

Inventory:

Hand weapons
 s - a +6 dagger (weapon)
Armour
 f - a +2 troll leather armour (worn) {Purgy}
 t - a +2 cloak (worn)
 G - a +0 buckler (worn)
 L - a +0 pair of gloves (worn)
 Q - a +2 pair of boots (worn)
 U - a +0 hat (worn)
Magical devices
 b - a wand of polymorph (11)
 i - a wand of teleportation (1)
 v - a wand of fire (11)
 D - a wand of fire (7)
 F - a wand of flame (11)
 I - a wand of digging (11)
 J - a wand of cold (2)
 M - a wand of teleportation (2)
 O - a wand of slowing (18)
 V - a wand of lightning (4)
Scrolls
 c - 2 scrolls of fear
 g - 3 scrolls of blinking
 j - 2 scrolls of fog
 l - 5 scrolls of remove curse
 n - 4 scrolls of teleportation
 q - a scroll of amnesia
 y - 2 scrolls of immolation
 B - a scroll of noise {unknown}
 K - a scroll of holy word {unknown}
 N - a scroll of vulnerability {unknown}
 X - a scroll of recharging {unknown}
Jewellery
 o - a +1 ring of intelligence (left hand)
 u - an amulet of clarity (around neck)
 A - an uncursed ring of wizardry {unknown}
 P - an uncursed ring of sustain abilities
 T - a ring of protection from fire (right hand)
Potions
 a - 5 potions of brilliance
 d - a potion of poison {!q}
 e - 2 potions of magic
 h - 12 potions of curing
 k - a potion of restore abilities
 m - a potion of agility
 p - a potion of resistance
 r - 3 potions of haste
 w - 6 potions of heal wounds
 z - 2 potions of might
 C - 2 potions of flight
 R - a potion of beneficial mutation {unknown}
 S - 3 potions of invisibility {unknown}
 W - a potion of mutation {unknown}
 Y - a potion of cure mutation {unknown}
Books
 x - a book of Dreams

   Spells                             Type                      Level
   *Ensorcelled Hibernation           Hexes/Ice                    2
   Flight                             Charms/Air                   3
   Phase Shift                        Translocation                5
   Shadow Creatures                   Summoning                    5
   Mass Confusion                     Hexes                        6
   Darkness                           Hexes                        7
 E - a book of Summonings

   Spells                             Type                      Level
   Abjuration                         Summoning                    3
   Recall                             Summoning/Translocation      3
   Shadow Creatures                   Summoning                    5
   Summon Demon                       Summoning                    5
   Summon Forest                      Summoning/Translocation      5
   Monstrous Menagerie                Summoning                    6
 H - a book of Burglary

   Spells                             Type                      Level
   Swiftness                          Charms/Air                   2
   Passwall                           Transmutation/Earth          3
   Passage of Golubria                Translocation                4
   Lee's Rapid Deconstruction         Earth                        5
   Invisibility                       Hexes                        6
   Darkness                           Hexes                        7


   Skills:
 * Level 11.5 Short Blades
 - Level 4.0 Armour
 - Level 2.1 Dodging
 + Level 17.0 Stealth
 - Level 5.0 Shields
 - Level 3.5 Spellcasting
 + Level 18.3 Hexes
 - Level 1.3 Ice Magic


You had 4 spell levels left.
You knew the following spells:

 Your Spells              Type           Power        Failure   Level  Hunger
a - Corona                Hex            ######.      0%          1    None
b - Sure Blade            Hex/Chrm       #####.....   1%          2    #......
c - Confuse               Hex            ######..     1%          3    ###....
d - Ensorcelled Hibernat  Hex/Ice        #####.       1%          2    #......
e - Enslavement           Hex            ######..     1%          4    ####...
s - Dazzling Spray        Conj/Hex       #####...     1%          3    ###....


Dungeon Overview and Level Annotations

Branches:
Dungeon (10/15)            Temple (1/1) D:4             Orc (0/4) D:9
   Lair (5/8) D:10          Swamp (0/5) Lair:3
 Shoals: Lair:3-6     Snake: Lair:3-6    Spider: Lair:3-6

Altars:
Ashenzari
Cheibriados
Dithmenos
Elyvilon
Fedhas
Gozag
Kikubaaqudgha
Makhleb
Nemelex Xobeh
Okawaru
Qazlal
Sif Muna
Trog
Vehumet
Xom
Yredelemnul
Zin
The Shining One

Shops:
D:5 =   D:8 *


Innate Abilities, Weirdness & Mutations

You do not heal naturally.
You can bottle blood from corpses.
You have razor-sharp teeth.*
You have supernaturally acute eyesight.
You can survive without breathing.*


Message History

The spray of energy hits the minotaur.
The minotaur is dazzled.
You catch the helpless minotaur completely off-guard!
You bite the minotaur, and draw its blood!
You feel better.
You feel slightly less thirsty.
You impale the minotaur!!
The minotaur is moderately wounded.
You hit the minotaur but do no damage.
The minotaur is moderately wounded.
The minotaur zaps a wand.
You resist with almost no effort.
You hit the minotaur but do no damage.
The minotaur is moderately wounded.
You barely miss the minotaur.
The minotaur is moderately wounded.
You block the minotaur's attack. The minotaur gores you!
* * * LOW HITPOINT WARNING * * *
You hit the minotaur but do no damage.
The minotaur is moderately wounded.
You hit the minotaur.
The minotaur is moderately wounded.
The minotaur hits you with a curved glowing staff!!
You die...

.....≈%()≈..#
#.####.≈[..§..## ##
#. . ..≈§..§.... ..
#####..≈≈≈≈§..###.#
.. ..§...§..# ###
#.....###.#.
#......... ..
#####.#.#####...#
#.......@........
#.###.###H###..## #
#.# ... # #.# .###
#.. # .. #.#. <≈ #
# ▓ ≈≈≈ # # #.▓▓
▓▓▓ #.. . .. . #


You could see a minotaur (blind).

Vanquished Creatures
  Gastronok (Lair:3)
  The ghost of Shimatora the Markscentaur, a powerful CeHu of Okawaru (Lair:2)
  Josephine (D:10)
  2 hydras
  An unseen horror (D:6)
  Pikel (D:4)
  A hill giant (D:10)
  The ghost of cocytus the Grappler, an experienced FoFi of Cheibriados (D:8)
  7 spiny frogs
  Maurice (D:8)
  4 black mambas
  A gargoyle (D:10)
  A komodo dragon (Lair:3)
  2 fire drakes (Lair:2)
  A merfolk (D:10)
  A minotaur zombie (Lab)
  A two-headed ogre (D:9)
  Prince Ribbit (D:9)
  2 trolls (D:9)
  A basilisk (Lair:3)
  22 blink frogs
  A deep elf mage (D:10)
  A trapdoor spider (Lab)
  12 yaks
  A hill giant zombie (D:8)
  Eustachio (D:9)
  2 hill giant skeletons (D:10)
  7 hippogriffs
  3 swamp worms (Lair:3)
  Edmund (D:7)
  Duvessa (D:4)
  Menkaure (D:6)
  A warg (D:9)
  5 porcupines
  A slave (D:4)
  9 water moccasins
  A yellow wasp (D:9)
  4 ogres
  2 orc warriors
  2 black bears
  2 necrophages (D:10)
  2 sky beasts
  3 phantoms
  9 crocodiles
  Sigmund (D:7)
  2 centaurs
  8 giant frogs
  5 scorpions
  A cyclops skeleton (D:9)
  An eye of draining (D:10)
  4 killer bees (D:7)
  5 wights (D:6)
  A troll skeleton (D:10)
  The ghost of cocytus the Shield-Bearer, a weakling OpFi (D:4)
  2 crimson imps
  6 electric eels
  2 goliath beetles
  Dowan (D:4)
  8 hounds
  8 iguanas
  A wyvern simulacrum (D:10)
  A soldier ant zombie (D:9)
  Crazy Yiuf (D:3)
  3 big fish (Lair:3)
  5 orc priests
  An elf skeleton (D:10)
  A jelly (D:5)
  3 quasits
  A giant frog skeleton (D:5)
  10 orc wizards
  5 worker ants
  Jessica (D:3)
  2 ogre skeletons
  Terence (D:2)
  A worker ant zombie (D:10)
  15 adders
  48 green rats
  2 orc zombies
  An inept feature mimic (D:5)
  A shadow imp (D:8)
  2 giant mites
  An inept item mimic (D:2)
  4 worms
  2 adder zombies
  6 giant geckos
  2 oozes
  37 orcs
  3 ball pythons
  11 bats
  3 giant cockroaches
  19 hobgoblins
  4 jackals (D:4)
  12 kobolds
  6 quokkas
  A giant gecko skeleton (D:5)
  9 giant newts
  15 goblins
  A quokka zombie (D:6)
  18 rats
  A butterfly (D:4)
  A fungus (Lair:2)
444 creatures vanquished.

Vanquished Creatures (collateral kills)
  A blink frog (Lair:2)
  Purgy (D:4)
2 creatures vanquished.

Vanquished Creatures (others)
  A hound (Lair:2)
  A hobgoblin (D:4)
  A giant gecko (D:4)
  A butterfly (D:4)
4 creatures vanquished.

Grand Total: 450 creatures vanquished

Notes
Turn   | Place    | Note
--------------------------------------------------------------
     0 | D:1      | PolkaDot, the Vampire Enchanter, began the quest for the Orb.
     0 | D:1      | Reached XP level 1. HP: 13/13 MP: 3/3
   215 | D:1      | Reached XP level 2. HP: 13/19 MP: 4/4
   765 | D:1      | Learned a level 2 spell: Ensorcelled Hibernation
   934 | D:2      | Reached XP level 3. HP: 24/24 MP: 6/6
  1091 | D:2      | Reached skill level 5 in Stealth
  1098 | D:2      | Reached skill level 5 in Hexes
  1253 | D:2      | Learned a level 3 spell: Confuse
  1339 | D:2      | Reached XP level 4. HP: 21/30 MP: 7/7
  1964 | D:2      | Noticed Terence
  1972 | D:2      | Killed Terence
  2123 | D:3      | Found a snail-covered altar of Cheibriados.
  2126 | D:3      | Reached skill level 6 in Hexes
  2149 | D:3      | Found a glowing golden altar of the Shining One.
  2172 | D:3      | Reached XP level 5. HP: 31/35 MP: 9/9
  2384 | D:3      | Noticed Crazy Yiuf
  2390 | D:3      | Killed Crazy Yiuf
  2390 | D:3      | Reached skill level 1 in Ice Magic
  2555 | D:3      | Noticed Jessica
  2560 | D:3      | Killed Jessica
  2708 | D:4      | Noticed a slave
  2708 | D:4      | Noticed a slave
  2708 | D:4      | Noticed a slave
  2715 | D:4      | Noticed Pikel
  2716 | D:4      | Noticed a slave
  2725 | D:4      | Killed a slave
  2879 | D:4      | Killed Pikel
  2879 | D:4      | Reached skill level 7 in Stealth
  2879 | D:4      | Reached skill level 8 in Hexes
  2879 | D:4      | Reached XP level 6. HP: 41/41 MP: 4/13
  2879 | D:4      | Reached XP level 7. HP: 46/46 MP: 4/15
  2976 | D:4      | Noticed cocytus' ghost (weakling OpFi)
  2997 | D:4      | Killed cocytus' ghost
  2997 | D:4      | Reached skill level 9 in Hexes
  3004 | D:4      | Learned a level 4 spell: Enslavement
  3007 | D:4      | Learned a level 2 spell: Sure Blade
  3082 | D:4      | Noticed Duvessa
  3082 | D:4      | Noticed Dowan
  3084 | D:4      | Noticed Purgy
  3095 | D:4      | Killed Dowan
  3096 | D:4      | Killed Purgy
  3130 | D:4      | Killed Duvessa
  3283 | D:4      | Reached skill level 10 in Hexes
  3451 | D:4      | Reached XP level 8. HP: 52/52 MP: 14/17
  3464 | D:4      | Noticed an ogre
  3467 | D:4      | Killed an ogre
  3503 | D:4      | Reached skill level 11 in Hexes
  3633 | D:4      | Found a staircase to the Ecumenical Temple.
  3658 | Temple   | Entered the Ecumenical Temple
  3948 | Temple   | Became a worshipper of Makhleb the Destroyer
  4323 | D:5      | Entered Level 5 of the Dungeon
  4380 | D:5      | Found an opulent altar of Gozag.
  4863 | D:5      | Acquired Makhleb's first power
  5058 | D:5      | Found Ghiele's Jewellery Boutique.
  5329 | D:6      | Reached skill level 12 in Hexes
  5383 | D:6      | Reached skill level 10 in Stealth
  5430 | D:6      | Noticed an unseen horror
  5432 | D:6      | Killed an unseen horror
  5432 | D:6      | Reached skill level 13 in Hexes
  5432 | D:6      | Reached XP level 9. HP: 48/57 MP: 15/18
  5490 | D:6      | Noticed Menkaure
  5549 | D:6      | Acquired Makhleb's second power
  5597 | D:6      | Killed Menkaure
  5785 | D:6      | Reached skill level 14 in Hexes
  5792 | D:6      | Learned a level 3 spell: Dazzling Spray
  6572 | D:7      | Got an opalescent robe
  6573 | D:7      | Identified the cursed -3 robe of Hoydem {rF++ rN+} (You found it on level 7 of the Dungeon)
  6623 | D:7      | Found an iron altar of Okawaru.
  6633 | D:7      | Noticed Edmund
  6636 | D:7      | Killed Edmund
  6710 | D:7      | Acquired Makhleb's third power
  6907 | D:7      | Noticed Sigmund
  6914 | D:7      | Killed Sigmund
  7215 | D:8      | Reached XP level 10. HP: 63/63 MP: 19/19
  7246 | D:8      | Found a glowing silver altar of Zin.
  7253 | D:8      | Reached skill level 15 in Hexes
  7346 | D:8      | Noticed cocytus' ghost (experienced FoFi)
  7363 | D:8      | Killed cocytus' ghost
  7363 | D:8      | Reached skill level 1 in Shields
  7370 | D:8      | Found Qiserr Guumm's General Store.
  7428 | D:8      | Bought a scroll of identify for 28 gold pieces
  7499 | D:8      | Noticed Maurice
  7507 | D:8      | Killed Maurice
  7687 | D:8      | Found a shattered altar of Ashenzari.
  7691 | D:8      | Found a white marble altar of Elyvilon.
  7744 | D:9      | Noticed Prince Ribbit
  7760 | D:9      | Killed Prince Ribbit
  7760 | D:9      | Acquired Makhleb's fourth power
  7797 | D:9      | Noticed Eustachio
  7857 | D:9      | Killed Eustachio
  7933 | D:9      | Found a blossoming altar of Fedhas.
  8307 | D:9      | Found a staircase to the Orcish Mines.
  8328 | D:9      | Acquired Makhleb's fifth power
  8581 | D:9      | Reached skill level 5 in Shields
  8730 | D:10     | Entered Level 10 of the Dungeon
  8740 | D:10     | Reached skill level 1 in Armour
  8805 | D:10     | Noticed Josephine
  8838 | D:10     | Killed Josephine
  8838 | D:10     | Reached skill level 16 in Hexes
  8838 | D:10     | Reached XP level 11. HP: 64/68 MP: 6/20
  8968 | D:10     | Found a staircase to the Lair.
  9385 | D:10     | Found a shadowy altar of Dithmenos.
  9572 | D:10     | Noticed a hill giant
  9576 | D:10     | Killed a hill giant
  9607 | Lair:1   | Entered Level 1 of the Lair of Beasts
  9734 | Lair:1   | Reached skill level 5 in Short Blades
  9978 | Lair:1   | Reached skill level 15 in Stealth
 10676 | Lair:2   | Noticed Shimatora's ghost (powerful CeHu)
 10689 | Lair:2   | Killed Shimatora's ghost
 10689 | Lair:2   | Reached skill level 17 in Hexes
 10767 | Lair:2   | Noticed a six-headed hydra
 10794 | Lair:2   | Killed a six-headed hydra
 10794 | Lair:2   | Reached XP level 12. HP: 45/74 MP: 14/21
 11634 | Lair:2   | Reached skill level 10 in Short Blades
 12029 | Lair:3   | Noticed a four-headed hydra
 12031 | Lair:3   | Killed a four-headed hydra
 12227 | Lair:3   | Found a staircase to the Swamp.
 12235 | Lair:3   | Reached skill level 18 in Hexes
 12398 | Lair:3   | Noticed Gastronok
 12411 | Lair:3   | Killed Gastronok
 13646 | Lair:4   | Reached XP level 13. HP: 79/79 MP: 22/22
 13995 | Lair:5   | Found a labyrinth entrance.
 14010 | Lab      | Entered a labyrinth
 14396 | Lab      | Mangled by a minotaur

Action                   |  1- 3 |  4- 6 |  7- 9 | 10-12 | 13-15 || total
-------------------------+-------+-------+-------+-------+-------++-------
Melee: Dagger            |   138 |   106 |   217 |   470 |    30 ||   961
       Unarmed           |       |       |       |       |     1 ||     1
 Cast: Ensorcelled Hiber |       |    25 |    70 |   167 |     7 ||   269
       Corona            |       |     2 |     2 |     1 |       ||     5
       Confuse           |       |     1 |    20 |    14 |     1 ||    36
       Enslavement       |       |       |     1 |     5 |       ||     6
       Dazzling Spray    |       |       |       |     3 |     4 ||     7
 Abil: End Transformatio |       |       |       |       |     2 ||     2
       Bat Form          |       |       |       |       |     2 ||     2
Evoke: Wand              |       |       |     2 |     6 |       ||     8
  Use: Potion            |     1 |     1 |       |       |       ||     2
       Scroll            |       |     2 |    16 |    10 |     4 ||    32
 Stab: Sleeping          |     5 |    14 |    81 |   191 |     5 ||   296
       Distracted        |       |     1 |     2 |     2 |       ||     5
       Confused          |       |     1 |    13 |    15 |     1 ||    30
       Betrayed ally     |       |       |       |     1 |       ||     1
       Invisible         |       |       |       |     1 |     2 ||     3
